General information
- name: BNet
- type: Ladder 1vs1/FFA
- host: Battle.net
- saver: Rush[yyz]
map: TwistedMeadows
- players: 2
- length: 06:31
- speed: Fast
- version: 1.23 W3XP
- replay type: Public
» download(22 KB)
Players
team 1 (winner)

»
Rush[yyz] (
green | 98 APM | 640 actions | 06:31)
2 Demon Hunter
1 Mana Burn
1 Evasion
1 Firelord
1 Summon Lava Spawn
» actions
| Assign group hotkey | 15 | |
| Basic commands | 42 | |
| Build / train | 25 | |
| Enter build submenu | 8 | |
| Enter hero's abilities submenu | 3 | |
| Right click | 152 | |
| Select / deselect | 84 | |
| Select group hotkey | 283 | |
| Use ability | 28 | |
640 total
» units
» buildings
| Altar of Elders | 1 | |
| Moon Well | 3 | |
| Ancient of War | 4 | |
| Tree of Ages | 1 | |
9 total
» build order
00:13 Altar of Elders
00:18 Moon Well
00:30 Ancient of War
01:45 Moon Well
03:03 Tree of Ages
04:04 Moon Well
04:21 Ancient of War
04:23 Ancient of War
04:25 Ancient of War
team 2 (loser)
Red.Lightning (
blue | 123 APM | 796 actions | 06:28)
2 Demon Hunter
1 Mana Burn
1 Evasion
» actions
| Assign group hotkey | 13 | |
| Basic commands | 15 | |
| Build / train | 27 | |
| ESC pressed | 4 | |
| Enter build submenu | 15 | |
| Enter hero's abilities submenu | 2 | |
| Right click | 403 | |
| Select / deselect | 120 | |
| Select group hotkey | 164 | |
| Use ability | 33 | |
796 total
» units
» buildings
| Altar of Elders | 1 | |
| Moon Well | 4 | |
| Ancient of War | 5 | |
10 total
» build order
00:08 Altar of Elders
00:21 Moon Well
00:32 Ancient of War
01:53 Moon Well
03:03 Ancient of War
03:32 Ancient of War
03:51 Ancient of War
04:07 Moon Well
04:52 Ancient of War
05:07 Moon Well
» items
| Boots of Speed | 1 | |
| Circlet of Nobility | 1 | |
| Staff of Teleportation | 2 | |
4 total
Chat log
(00:17 / All) Red.Lightning: HI GL HF
(06:27 / All) Red.Lightning: gg